AoeStats
← Fs.Black_

African Clearing

510670166Analyzed
4v4 RM · 13h ago on Oct 2, 2026· 40m 26s· 8 players
Game mode
Random Map
Map size
Large (8 player)
Population
200
Speed
Normal
Resources
Standard
Victory
Conquest
Starting age
Dark Age
Ending age
Imperial Age
RankedLock teamsTeams togetherTeam positionsShared explorationLock speedFull tech treeHidden civsTurbo modeCheats
Victory
Defeat
🇧🇷 Tupi · Brazil
1833
+10
🇧🇷 Koreans · Brazil
1630
+18
🇧🇷 Saracens · Brazil
1593
+19
🇧🇷 Chinese · Brazil
1552
+21
🇵🇪 Mapuche · Peru
1765
-22
🇨🇱 Danes · Chile
1734
-19
1721
-19
🇨🇱 Varangians · Chile
1448
-8
Fs.China
3:06 Loom
12:53 Feudal Age
16:36 Castle Age
16:30 Double-Bit Axe
16:27 Horse Collar
17:43 Bow Saw
18:16 Horse Collar
19:39 Horse Collar
24:06 Wheelbarrow
25:12 Hand Cart
25:33 Gold Mining
31:07 Imperial Age
29:01 Scale Barding Armor
29:17 Bloodlines
29:43 Heavy Plow
30:19 Gold Shaft Mining
31:02 Chain Barding Armor
31:10 Cavalier
32:50 Plate Barding Armor
32:40 Forging
33:08 Husbandry
36:32 Iron Casting
37:54 Two-Man Saw
38:46 Blast Furnace
38:52 Caravan
39:46 Coinage
Fs.Nx Imperial
2:44 Loom
13:02 Feudal Age
16:52 Castle Age
14:41 Double-Bit Axe
19:00 Bloodlines
21:13 Bow Saw
21:44 Forging
24:23 Husbandry
24:28 Horse Collar
25:25 Scale Barding Armor
27:06 Chain Barding Armor
28:28 Iron Casting
32:53 Fletching
36:06 Wheelbarrow
36:10 Bodkin Arrow
40:17 Imperial Age
39:54 Hand Cart
Fs.FASTURTLE
12:45 Feudal Age
11:03 Loom
12:48 Feudal Age
16:53 Castle Age
14:48 Double-Bit Axe
14:44 Horse Collar
18:18 Bow Saw
18:00 Fletching
18:56 Bodkin Arrow
20:33 Ballistics
22:07 Padded Archer Armor
27:44 Wheelbarrow
31:51 Hand Cart
31:43 Heavy Plow
32:32 Gold Mining
39:42 Imperial Age
37:50 Gold Shaft Mining
37:07 Stone Mining
40:25 Bracer
41:27 Chemistry
40:57 Leather Archer Armor
40:08 Elite Blackwood Archer
Fs.Black_
4:38 Loom
12:29 Feudal Age
16:23 Castle Age
14:53 Double-Bit Axe
18:02 Bow Saw
17:44 Fletching
20:02 Bodkin Arrow
20:49 Horse Collar
25:59 Ballistics
28:22 Wheelbarrow
32:15 Husbandry
32:14 Gold Mining
33:57 Hand Cart
36:32 Imperial Age
35:40 Heavy Plow
36:17 Gold Shaft Mining
36:33 Thumb Ring
36:39 Treadmill Crane
37:31 Bracer
37:31 Elite War Wagon
39:14 Chemistry
39:20 Conscription
40:14 Two-Man Saw
40:24 Two-Man Saw
40:30 Arrowslits
Ancalagon14
5:04 Loom
13:52 Feudal Age
15:03 Double-Bit Axe
15:13 Horse Collar
17:47 Castle Age
19:18 Bow Saw
22:38 Squires
24:14 Scale Mail Armor
24:44 Gambesons
26:40 Heavy Plow
28:51 Wheelbarrow
28:45 Town Watch
30:00 Hand Cart
32:00 Forging
32:46 Chain Mail Armor
34:05 Iron Casting
39:31 Imperial Age
42:55 Imperial Age
[MGG] JP
11:06 Loom
13:44 Feudal Age
17:46 Castle Age
16:34 Double-Bit Axe
17:06 Fishing Lines
19:51 Gillnets
22:46 Horse Collar
28:02 Fletching
28:47 Bodkin Arrow
31:41 Imperial Age
30:42 Wheelbarrow
30:37 Padded Archer Armor
30:30 Town Watch
30:58 Bow Saw
31:38 Leather Archer Armor
32:34 Hand Cart
32:20 Town Patrol
31:51 Cranequins
32:33 Bracer
32:10 Elite Skirmisher
35:19 Scale Mail Armor
35:50 Ring Archer Armor
36:02 Heavy Mounted Crossbowman
38:40 Chemistry
38:01 Ballistics
noru
12:47 Feudal Age
12:40 Loom
13:44 Double-Bit Axe
16:45 Castle Age
17:44 Bow Saw
24:46 Town Watch
26:43 Wheelbarrow
27:09 Horse Collar
27:19 Gold Mining
27:09 Horse Collar
33:58 Malon
[GDL] Botsito Industrial
5:45 Loom
12:57 Feudal Age
17:30 Castle Age
16:52 Double-Bit Axe
18:36 Bow Saw
21:23 Wheelbarrow
20:49 Padded Archer Armor
21:54 Leather Archer Armor
24:31 Horse Collar
32:10 Wheelbarrow
37:33 Hand Cart
37:28 Gold Mining
37:55 Bloodlines
39:03 Husbandry
39:40 Fletching
Connection lost

Rejoining the realm…

Still unreachable

The connection could not be restored.

Session expired

The server has moved on; the page needs a fresh start.